 Dungeon Crawl Stone Soup version 0.18.1-8-gdd0e5ea (webtiles) character file.

1418 OrDronus the Shield-Bearer (level 8, -2/72 (73) HPs)
             Began as a Naga Fighter on June 1, 2016.
             Was a Follower of Cheibriados.
             Slain by cuftamc98's ghost (5 damage)
             ... on level 5 of the Dungeon on June 2, 2016.
             The game lasted 00:34:40 (5682 turns).

OrDronus the Shield-Bearer (Naga Fighter)           Turns: 5682, Time: 00:34:41

HP:   -2/72 (73)    AC:  8    Str: 25    XL:     8   Next: 71%
MP:   8/8           EV:  8    Int: 12    God:    Cheibriados [*.....]
Gold: 217           SH: 10    Dex: 14    Spells: 0 memorised, 7 levels left

rFire  . . .     SeeInvis +     a - +0 long sword
rCold  . . .     Gourm    .     b - +0 scale mail
rNeg   . . .     Faith    .     c - +0 shield
rPois  +         Spirit   .     (no helmet)
rElec  .         Dismiss  .     v - +0 cloak
rCorr  .         Reflect  .     (no gloves)
SustAt .         Harm     .     (no barding)
MR     +....                    (no amulet)
Stlth  +.........               (no ring)
                                (no ring)

@: mighty, very slow, somewhat resistant to hostile enchantments, very
unstealthy
A: see invisible, deformed body, poison resistance, slowness 2, slow metabolism
1, spit poison 2, AC +2
a: Spit Poison, Bend Time, Renounce Religion


You were on level 5 of the Dungeon.
You worshipped Cheibriados.
Cheibriados was aware of your devotion.
You were not hungry.

You visited 2 branches of the dungeon, and saw 6 of its levels.

You collected 217 gold pieces.

Inventory:

Hand Weapons
 a - a +0 long sword (weapon)
 u - a +0 short sword of venom
 G - a +1 dagger of venom
Missiles
 l - 67 bolts
 t - 42 sling bullets
 D - 32 poisoned needles
Armour
 b - a +0 scale mail (worn)
 c - a +0 shield (worn)
 v - a +0 cloak (worn)
 E - a +2 scale mail of cold resistance
Jewellery
 m - an uncursed ring of sustain attributes {unknown}
Wands
 F - a wand of flame (21/48)
Scrolls
 e - 5 scrolls of identify {unknown}
 h - 3 scrolls of magic mapping {unknown}
 p - a scroll of enchant weapon {unknown}
 r - 2 scrolls of teleportation {unknown}
 x - a scroll of amnesia {unknown}
 y - 2 scrolls of immolation {unknown}
 B - a scroll of random uselessness {unknown}
Potions
 g - a potion of magic {unknown}
 j - 2 potions of curing {unknown}
 k - a potion of flight {unknown}
 n - 2 potions of brilliance {unknown}
 o - a potion of mutation {unknown}
 q - a potion of heal wounds {unknown}
 s - a potion of resistance {unknown}
 w - a potion of lignification {unknown}
 z - a potion of cure mutation {unknown}
 C - a potion of degeneration {unknown}
Comestibles
 f - 5 bread rations
 i - a slice of pizza
 A - 4 beef jerkies
 H - 2 chunks of flesh
 I - a meat ration


   Skills:
 + Level 4.8 Fighting
 + Level 4.3 Long Blades
 + Level 4.9 Armour
 + Level 3.5 Dodging
 + Level 1.4 Stealth
 + Level 5.1 Shields


You had 7 spell levels left.
You didn't know any spells.

Dungeon Overview and Level Annotations

Branches:
Dungeon (5/15)             Temple (1/1) D:4

Altars:
Cheibriados
Fedhas
Kikubaaqudgha
Okawaru
Pakellas
Ru
Sif Muna

Shops:
D:5 *

Annotations:
D:5 cuftamc98's ghost, novice DsAK


Innate Abilities, Weirdness & Mutations

You cannot wear boots.
Your serpentine skin is tough (AC +2).
You have supernaturally acute eyesight.
Armour fits poorly on your strangely shaped body.
Your system is resistant to poisons.
You cover ground very slowly.
You have a slow metabolism.
You can spit poison.


Message History

Cuftamc98's ghost is almost destroyed.
You block the orc's attack.
Cuftamc98's ghost hits you but does no damage.
The orc barely misses you. You block the orc's attack.
You completely miss cuftamc98's ghost.
Cuftamc98's ghost is almost destroyed.
Cuftamc98's ghost hits you.
* * * LOW HITPOINT WARNING * * *
The orc hits you but does no damage. You block the orc's attack.
You closely miss cuftamc98's ghost.
Cuftamc98's ghost is almost destroyed.
Cuftamc98's ghost hits you.
* * * LOW HITPOINT WARNING * * *
You block the orc's attack. x2
You hit cuftamc98's ghost.
Cuftamc98's ghost is almost destroyed.
Cuftamc98's ghost hits you but does no damage.
You block the orc's attack. The orc barely misses you.
Cuftamc98's ghost hits you.
You die...

#.##........ ...
#.# ....... ....
#.# .....# .....
#.# #.#..## #...
#.####.#...##
#..#
#...........##
##..#
######.###...##
##..#
#.....#..###...#
#######...@WJ#.#
#...oo...#
##########


You could see a jelly, cuftamc98's ghost and 2 orcs.

Vanquished Creatures
  2 ogres (D:5)
  A necrophage (D:5)
  A centaur (D:5)
  Blork the orc (D:5)
  A scorpion (D:5)
  A howler monkey (D:4)
  4 orc priests
  3 hounds (D:4)
  Crazy Yiuf (D:2)
  A centaur skeleton (D:5)
  Terence (D:2)
  11 orc wizards
  An iguana (D:5)
  5 worker ants
  8 adders
  2 oozes (D:2)
  4 worms
  A dart slug (D:2)
  4 giant geckos
  15 orcs
  4 giant cockroaches
  9 goblins
  14 hobgoblins
  5 kobolds
  4 quokkas
  10 bats
  A giant gecko skeleton (D:4)
  6 giant newts
  7 rats
128 creatures vanquished.

Notes
Turn   | Place    | Note
--------------------------------------------------------------
     0 | D:1      | OrDronus the Naga Fighter began the quest for the Orb.
     0 | D:1      | Reached XP level 1. HP: 21/21 MP: 1/1
   219 | D:1      | Reached XP level 2. HP: 28/28 MP: 2/2
  1069 | D:2      | Reached XP level 3. HP: 34/34 MP: 3/3
  1277 | D:2      | Reached skill level 3 in Shields
  1344 | D:2      | Reached XP level 4. HP: 41/42 MP: 4/4
  1807 | D:2      | Noticed Crazy Yiuf
  1814 | D:2      | Killed Crazy Yiuf
  2000 | D:2      | Reached skill level 1 in Dodging
  2003 | D:2      | Reached XP level 5. HP: 47/49 MP: 5/5
  2123 | D:3      | Noticed Terence
  2146 | D:2      | Killed Terence
  2627 | D:3      | Reached XP level 6. HP: 31/56 MP: 6/6
  2980 | D:3      | Found a deep blue altar of Sif Muna.
  2988 | D:3      | You fall through a shaft for 2 floors!
  2988 | D:5      | Entered Level 5 of the Dungeon
  3224 | D:5      | Noticed Blork the orc
  3231 | D:5      | Killed Blork the orc
  3391 | D:5      | Found a sacrificial altar of Ru.
  3460 | D:5      | Reached skill level 4 in Shields
  3618 | D:5      | Reached skill level 1 in Stealth
  3618 | D:5      | Reached XP level 7. HP: 4/63 MP: 7/7
  3876 | D:5      | Noticed cuftamc98's ghost (novice DsAK)
  4656 | D:4      | Reached XP level 8. HP: 72/72 MP: 8/8
  4740 | D:4      | Found an iron altar of Okawaru.
  4812 | D:4      | Found a blossoming altar of Fedhas.
  5084 | D:4      | Found a staircase to the Ecumenical Temple.
  5102 | D:4      | Reached skill level 5 in Shields
  5112 | Temple   | Entered the Ecumenical Temple
  5144 | Temple   | Became a worshipper of Cheibriados the Contemplative
  5452 | D:5      | Found Uxovos's General Store.
  5665 | D:5      | Reached * piety under Cheibriados
  5680 | D:5      | HP: 3/72 [cuftamc98's ghost (5)]
  5682 | D:5      | Slain by cuftamc98's ghost

Skill      XL: |  1  2  3  4  5  6  7  8 |
---------------+-------------------------+-----
Shields        | 3 4 5 |  5.1
Dodging        | 1 2 3 |  3.5
Armour         | 3 4 |  4.9
Long Blades    | 3 4 |  4.3
Stealth        | 1 |  1.4
Fighting       | 4 |  4.8

Action                   |  1- 3 |  4- 6 |  7- 9 || total
-------------------------+-------+-------+-------++-------
Melee: Long sword        |   137 |   197 |   250 ||   584
 Abil: Spit Poison       |     1 |    13 |    19 ||    33
  Use: Potion            |       |       |     1 ||     1
  Eat: Chunk             |     1 |     7 |     7 ||    15
Armor: Scale mail        |    63 |    61 |   119 ||   243
Dodge: Dodged            |    30 |    44 |    73 ||   147
Block: Shield            |    69 |    89 |   140 ||   298
